 Dungeon Crawl Stone Soup version 0.27-a0-1105-g946c659c87 (webtiles) character file.

Game seed: 497305386590660011

16365 Feb132020 the Covert (level 12, -20/97 HPs)
             Began as a Gnoll Delver on Apr 28, 2021.
             Was the Champion of Okawaru.
             Demolished by a boulder beetle (48 damage)
             ... on level 3 of the Lair of Beasts on Apr 29, 2021.
             The game lasted 01:07:00 (14093 turns).

Feb132020 the Covert (Gnoll Delver)                Turns: 14093, Time: 01:07:01

Health: -20/97     AC: 17    Str: 12    XL:     12   Next: 36%
Magic:  22/22      EV: 25    Int: 14    God:    Okawaru [******]
Gold:   655        SH:  0    Dex: 32    Spells: 24/25 levels left

rFire    . . .     SeeInvis .   a - +7 dagger "Beetleslayer" {flame, Dex+5}
rCold    . . .     Faith    +   (no shield)
rNeg     . . .     Spirit   .   H - +1 leather armour of the Spheres {Will- Int+3 Dex+7}
rPois    .         Reflect  .   (no helmet)
rElec    .         Harm     .   k - +2 cloak
rCorr    .         Rampage  .   e - +1 pair of gloves {Dex+3}
Will     .....                  v - +2 pair of boots
Stlth    ++++++....             C - amulet of faith
HPRegen  0.26/turn              y - +4 ring of evasion
MPRegen  0.18/turn              w - +4 ring of protection

@: no status effects
A: fangs 1, strong nose, distributed training
a: Renounce Religion, Heroism, Finesse


You were on level 3 of the Lair of Beasts.
You worshipped Okawaru.
Okawaru was exalted by your worship.
You visited 2 branches of the dungeon, and saw 13 of its levels.

You collected 655 gold pieces.

Inventory:

Hand Weapons
 a - the +7 dagger "Beetleslayer" (weapon) {flame, Dex+5}
   (You took it off an orc on level 5 of the Dungeon)

   It has been specially enchanted to burn those struck by it, causing extra
   injury to most foes and up to half again as much damage against particularly
   susceptible opponents.
   It affects your dexterity (+5).
 b - a +1 hand crossbow
Missiles
 h - 72 sling bullets
 q - 445 stones (quivered)
 r - 308 arrows
 s - 217 bolts
 F - 2 throwing nets
 I - 19 poisoned darts
 J - a curare-tipped dart
 O - 7 atropa-tipped darts
 P - 6 boomerangs
 Q - 8 silver boomerangs
 R - 3 silver javelins
Armour
 e - a +1 pair of gloves of dexterity (worn)
 k - a +2 cloak (worn)
 v - a +2 pair of boots (worn)
 H - the +1 leather armour of the Spheres (worn) {Will- Int+3 Dex+7}
   (You took it off an orc on level 5 of the Dungeon)

   It affects your intelligence (+3).
   It affects your dexterity (+7).
   It decreases your willpower.
 L - a +3 leather armour of willpower
 M - a +0 leather armour
Magical Staves
 o - a staff of air
Jewellery
 n - an amulet of the acrobat
 t - a ring of flight
 u - an amulet of guardian spirit
 w - a +4 ring of protection (right hand)
 y - a +4 ring of evasion (left hand)
 B - an amulet of regeneration
 C - an amulet of faith (around neck)
 E - a ring of willpower
 N - a +6 ring of dexterity
 V - a +4 ring of protection
 W - a ring of positive energy
 Y - a ring of positive energy
Wands
 g - a wand of digging (12)
 T - a wand of polymorph (6)
 X - a wand of flame (27)
 Z - a wand of paralysis (7)
Scrolls
 c - 4 scrolls of fog
 d - 3 scrolls of magic mapping
 K - 2 scrolls of identify
 U - a scroll of fear
Potions
 f - a potion of haste
 i - a potion of magic
 j - 4 potions of curing
 m - a potion of lignification
 p - a potion of degeneration {unknown}
 x - 3 potions of flight
 z - 4 potions of might
 A - 5 potions of brilliance
 D - a potion of cancellation {unknown}


   Skills:
 + Level 9.8 Fighting
 + Level 8.6 Short Blades
 + Level 7.2 Long Blades
 + Level 7.2 Axes
 + Level 7.2 Maces & Flails
 + Level 7.2 Polearms
 + Level 7.2 Staves
 + Level 7.2 Slings
 + Level 7.2 Bows
 + Level 7.2 Crossbows
 + Level 7.2 Throwing
 + Level 7.2 Armour
 + Level 8.6 Dodging
 + Level 11.7 Stealth
 + Level 7.2 Shields
 + Level 7.2 Unarmed Combat
 + Level 7.2 Spellcasting
 + Level 6.0 Conjurations
 + Level 6.0 Hexes
 + Level 6.0 Summonings
 + Level 6.0 Necromancy
 + Level 6.0 Translocations
 + Level 6.0 Transmutations
 + Level 6.0 Fire Magic
 + Level 6.0 Ice Magic
 + Level 6.0 Air Magic
 + Level 6.0 Earth Magic
 + Level 6.0 Poison Magic
 + Level 7.9 Invocations
 + Level 7.2 Evocations


You had 24 spell levels left.
You knew the following spells:

 Your Spells              Type           Power      Damage    Failure   Level
S - Animate Skeleton      Necr           42%        N/A       1%          1

Your spell library contained the following spells:

 Spells                   Type           Power      Damage    Failure   Level
 Apportation              Tloc           42%        N/A       1%          1
 Corona                   Hex            23%        N/A       1%          1
 Freeze                   Ice            84%        1d10      1%          1
 Magic Dart               Conj           84%        1d7       1%          1
 Shock                    Conj/Air       84%        1d8       1%          1
 Summon Small Mammal      Summ           84%        N/A       1%          1
 Searing Ray              Conj           42%        3d4       2%          2
 Static Discharge         Conj/Air       21%        N/A       2%          2
 Dazzling Flash           Conj/Hex       42%        N/A       4%          3
 Frozen Ramparts          Ice            42%        1d6       4%          3
 Gell's Gravitas          Tloc           10%        N/A       4%          3
 Ozocubu's Armour         Ice            21%        N/A       4%          3
 Swiftness                Air            21%        N/A       4%          3
 Airstrike                Air            10%        N/A       14%         4
 Fulminant Prism          Conj/Hex       10%        3d9       14%         4
 Hailstorm                Conj/Ice       21%        3d6       14%         4
 Iskenderun's Mystic Bla  Conj/Tloc      21%        2d6       14%         4
 Lightning Bolt           Conj/Air       10%        1d23      38%         5
 Metabolic Englaciation   Hex/Ice        10%        N/A       38%         5
 Dispersal                Tloc           10%        N/A       92%         6
 Malign Gateway           Summ/Tloc      10%        N/A       100%        7


Dungeon Overview and Level Annotations

Branches:
Dungeon (10/15)            Temple (0/1) D:7            Lair (3/6) D:9
    Orc (0/2) D:9
  Swamp: Lair:2-4    Shoals: Lair:2-4     Snake: Lair:2-4    Spider: Lair:2-4

Altars:
Cheibriados
Fedhas
Hepliaklqana
Kikubaaqudgha
Okawaru
Ru
Uskayaw
Yredelemnul
The Shining One
Beogh


Innate Abilities, Weirdness & Mutations

You have very sharp teeth.
Your uncanny sense of smell can sniff out nearby items.
Your experience applies equally to all skills.


Message History

b - a +1 hand crossbow (weapon)
Fire: 219 bolts
Press: ? - help, Q - select action, (/) - cycle Shift-Dir - straight line, f - boulder beetle
Aim: a boulder beetle (severely wounded, poisoned, 92% to hit)
You shoot a bolt.
The bolt hits the boulder beetle but does no damage.
The boulder beetle is severely wounded.
Fire: 218 bolts
Press: ? - help, Q - select action, (/) - cycle Shift-Dir - straight line, f/p - boulder beetle
Aim: a boulder beetle (severely wounded, poisoned, 92% to hit)
You shoot a bolt. The bolt hits the boulder beetle.
The boulder beetle is severely wounded.
The boulder beetle leaps!
You feel better. The boulder beetle barely misses you.
You feel agile.
The +7 dagger "Beetleslayer" {flame, Dex+5} bursts into flame!
a - the +7 dagger "Beetleslayer" (weapon)
{flame, Dex+5} The boulder beetle leaps!
Throw: 20 darts (poison)
Press: ? - help, Shift-Dir - straight line, f/p - boulder beetle
Aim: a boulder beetle (severely wounded, poisoned, 92% to hit)
You throw a poisoned dart.
The poisoned dart hits the boulder beetle.
The boulder beetle looks even sicker.
The boulder beetle is severely wounded.
Throw: 8 boomerangs (silver)
Press: ? - help, Shift-Dir - straight line, f/p - boulder beetle
Aim: a boulder beetle (severely wounded, very poisoned, 92% to hit)
You throw a silver boomerang.
The silver boomerang hits the boulder beetle.
The boulder beetle is severely wounded.
The boulder beetle curls into a ball and begins rolling!
Throw: 4 javelins (silver)
Press: ? - help, Shift-Dir - straight line, f/p - boulder beetle
Aim: a boulder beetle (almost dead, rolling, very poisoned, 92% to hit)
You throw a silver javelin.
The silver javelin pierces through the boulder beetle.
The boulder beetle is almost dead.
The boulder beetle hits you!!!
You die...

.................................
.........#.##.##.................
.........##.#.........#.#...####.
....[.....#....#......###...####.
##+..#...+......#......#......##.
.####........ .............##. ..
...#....##.....#.......##.
#............P......... .. +...#
#...@.............#P.
.##..##...####..B......#.........
...+.#..........○..?...#......##.
.....>...........○....######.###†
......................##..######.
....(......(.....................
..........(......................
#.#.#..............(.............
#..#.....#.#.##.##...............


You could see a boulder beetle (rolling, very poisoned).

Vanquished Creatures
  A hydra (Lair:3)
  2 two-headed ogres
  Pikel (D:7)
  5 black mambas
  5 elephants (Lair:3)
  5 cane toads
  4 komodo dragons
  The ghost of Sickboy the Slasher, an amateur MiFi of the Shining One (D:5)
  A troll (D:10)
  Prince Ribbit (D:7)
  A wraith (D:10)
  A yak (D:9)
  2 wyverns
  A steam dragon (D:10)
  3 basilisks
  4 water moccasins
  A sky beast (D:5)
  7 orc warriors
  2 ice beasts
  A black bear (D:9)
  10 wolves (Lair:3)
  6 centaurs
  2 kobold brigands (D:7)
  3 phantoms
  A gnoll sergeant (D:5)
  8 bullfrogs
  4 scorpions
  A water moccasin zombie (D:5)
  2 wyvern skeletons
  A water moccasin skeleton (D:6)
  4 wights (D:9)
  4 howler monkeys
  4 electric eels
  5 centaur zombies
  3 bullfrog skeletons (D:6)
  10 orc priests
  2 centaur skeletons (D:6)
  4 gnoll shamans
  5 hounds
  3 jellies
  5 iguanas
  7 orc wizards
  2 howler monkey zombies
  20 gnolls
  4 adders
  3 shadow imps
  An adder skeleton (D:4)
  2 dart slugs (D:1)
  44 orcs
  5 bats
  6 endoplasms
  2 giant cockroaches
  7 goblins
  2 hobgoblins
  9 jackals
  10 kobolds
  7 quokkas
  5 ball pythons
  2 frilled lizards (D:1)
  2 rats
276 creatures vanquished.

Vanquished Creatures (others)
  17 fungi
  16 plants
33 creatures vanquished.

Grand Total: 309 creatures vanquished

Notes
Turn   | Place    | Note
-------+----------+-------------------------------------------
     0 | D:5      | Reached skill level 9 in Stealth
     0 | D:5      | Feb132020 the Gnoll Delver began the quest for the Orb.
     0 | D:5      | Reached XP level 1. HP: 23/23 MP: 1/1
    51 | D:5      | Noticed a scorpion
    52 | D:5      | Identified the +7 dagger "Beetleslayer" {flame, Dex+5}
    52 | D:5      | Identified the +1 leather armour of the Spheres {Will-
                  | Int+3 Dex+7}
    77 | D:3      | Noticed a howler monkey
    83 | D:3      | Reached XP level 2. HP: 29/29 MP: 2/2
   111 | D:3      | Found an ancient bone altar of Kikubaaqudgha.
   449 | D:1      | Reached XP level 3. HP: 35/35 MP: 3/3
   703 | D:1      | Reached skill level 1 in Invocations
   815 | D:1      | Reached skill level 1 in Long Blades
   815 | D:1      | Reached skill level 1 in Axes
   815 | D:1      | Reached skill level 1 in Maces & Flails
   815 | D:1      | Reached skill level 1 in Polearms
   815 | D:1      | Reached skill level 1 in Staves
   815 | D:1      | Reached skill level 1 in Slings
   815 | D:1      | Reached skill level 1 in Bows
   815 | D:1      | Reached skill level 1 in Crossbows
   815 | D:1      | Reached skill level 1 in Throwing
   815 | D:1      | Reached skill level 1 in Armour
   815 | D:1      | Reached skill level 1 in Shields
   815 | D:1      | Reached skill level 1 in Unarmed Combat
   815 | D:1      | Reached skill level 1 in Spellcasting
   815 | D:1      | Reached skill level 1 in Evocations
  1220 | D:2      | Found a faded altar of an unknown god.
  1223 | D:2      | Became a worshipper of Warmaster Okawaru
  1223 | D:2      | Reached * piety under Okawaru
  1346 | D:2      | Reached XP level 4. HP: 41/41 MP: 5/5
  1846 | D:3      | Reached skill level 1 in Conjurations
  1846 | D:3      | Reached skill level 1 in Hexes
  1846 | D:3      | Reached skill level 1 in Summonings
  1846 | D:3      | Reached skill level 1 in Necromancy
  1846 | D:3      | Reached skill level 1 in Translocations
  1846 | D:3      | Reached skill level 1 in Transmutations
  1846 | D:3      | Reached skill level 1 in Fire Magic
  1846 | D:3      | Reached skill level 1 in Ice Magic
  1846 | D:3      | Reached skill level 1 in Air Magic
  1846 | D:3      | Reached skill level 1 in Earth Magic
  1846 | D:3      | Reached skill level 1 in Poison Magic
  2092 | D:4      | Reached XP level 5. HP: 29/47 MP: 4/7
  2537 | D:4      | Reached XP level 6. HP: 53/53 MP: 8/8
  2596 | D:4      | Reached ** piety under Okawaru
  2597 | D:4      | Reached skill level 5 in Short Blades
  2597 | D:4      | Reached skill level 5 in Dodging
  2628 | D:4      | Found a glowing golden altar of the Shining One.
  2630 | D:4      | Noticed an angel
  2653 | D:4      | Found a basalt altar of Yredelemnul.
  2655 | D:4      | Noticed a profane servitor
  3248 | D:5      | Reached XP level 7. HP: 59/59 MP: 10/10
  3816 | D:5      | Reached skill level 10 in Stealth
  3824 | D:5      | Reached XP level 8. HP: 67/67 MP: 12/12
  3964 | D:5      | Reached *** piety under Okawaru
  4239 | D:5      | Found a runed translucent gate.
  4239 | D:5      | Found a runed translucent gate.
  4240 | D:5      | Found a runed translucent gate.
  4243 | D:5      | Noticed Sickboy's ghost (amateur MiFi)
  5117 | D:6      | Reached XP level 9. HP: 62/72 MP: 14/14
  5795 | D:5      | Killed Sickboy's ghost
  5795 | D:5      | Reached **** piety under Okawaru
  6007 | D:7      | Noticed Prince Ribbit
  6019 | D:7      | Killed Prince Ribbit
  6019 | D:7      | Reached ***** piety under Okawaru
  6223 | D:7      | Reached skill level 5 in Invocations
  6519 | D:7      | Found a staircase to the Ecumenical Temple.
  6520 | D:7      | Noticed Pikel
  6522 | D:7      | Killed Pikel
  6523 | D:7      | Reached XP level 10. HP: 80/80 MP: 15/17
  6830 | D:8      | Received a gift from Okawaru
  6933 | D:8      | Reached skill level 5 in Long Blades
  6933 | D:8      | Reached skill level 5 in Axes
  6933 | D:8      | Reached skill level 5 in Maces & Flails
  6933 | D:8      | Reached skill level 5 in Polearms
  6933 | D:8      | Reached skill level 5 in Staves
  6933 | D:8      | Reached skill level 5 in Slings
  6933 | D:8      | Reached skill level 5 in Bows
  6933 | D:8      | Reached skill level 5 in Crossbows
  6933 | D:8      | Reached skill level 5 in Throwing
  6933 | D:8      | Reached skill level 5 in Armour
  6933 | D:8      | Reached skill level 5 in Shields
  6933 | D:8      | Reached skill level 5 in Unarmed Combat
  6933 | D:8      | Reached skill level 5 in Spellcasting
  6933 | D:8      | Reached skill level 5 in Evocations
  7170 | D:8      | Found a snail-covered altar of Cheibriados.
  7427 | D:8      | Found a sacrificial altar of Ru.
  7787 | D:9      | Found a staircase to the Lair.
  7826 | D:9      | Received a gift from Okawaru
  8430 | D:9      | Received a gift from Okawaru
  8459 | D:9      | Reached skill level 11 in Stealth
  8677 | D:9      | Noticed a two-headed ogre
  8705 | D:9      | HP: 4/82 [two-headed ogre/+0 dire flail (21)]
  8706 | D:9      | Killed a two-headed ogre
  9224 | D:9      | Reached XP level 11. HP: 87/87 MP: 19/19
  9226 | D:9      | Found a staircase to the Orcish Mines.
  9737 | D:10     | Entered Level 10 of the Dungeon
  9743 | D:10     | Found a hazy altar of Hepliaklqana.
 10139 | D:10     | Found a blossoming altar of Fedhas.
 10214 | D:10     | Learned a level 1 spell: Animate Skeleton
 10362 | D:10     | Identified the Reference Book on Creative Translocation
 10392 | D:10     | Reached skill level 5 in Conjurations
 10392 | D:10     | Reached skill level 5 in Hexes
 10392 | D:10     | Reached skill level 5 in Summonings
 10392 | D:10     | Reached skill level 5 in Necromancy
 10392 | D:10     | Reached skill level 5 in Translocations
 10392 | D:10     | Reached skill level 5 in Transmutations
 10392 | D:10     | Reached skill level 5 in Fire Magic
 10392 | D:10     | Reached skill level 5 in Ice Magic
 10392 | D:10     | Reached skill level 5 in Air Magic
 10392 | D:10     | Reached skill level 5 in Earth Magic
 10392 | D:10     | Reached skill level 5 in Poison Magic
 10510 | D:10     | Found a hide-covered altar of Uskayaw.
 10510 | D:10     | Noticed a +0 short sword
 10510 | D:10     | Noticed a +0 spear
 10510 | D:10     | Noticed a +0 falchion
 10511 | D:10     | Noticed a +0 short sword
 10511 | D:10     | Noticed a two-headed ogre
 10512 | D:10     | Noticed a +0 dagger
 10512 | D:10     | Noticed a +0 falchion
 10513 | D:10     | Noticed a +0 dagger
 10514 | D:10     | Noticed a +0 spear
 10534 | D:10     | Killed a two-headed ogre
 10804 | Lair:1   | Entered Level 1 of the Lair of Beasts
 11077 | Lair:1   | Noticed an eight-headed hydra
 11116 | Lair:2   | Received a gift from Okawaru
 11286 | Lair:1   | Received a gift from Okawaru
 12532 | Lair:2   | Upgraded the game from 0.27-a0-1099-g7f87ac42b0 to
                  | 0.27-a0-1105-g946c659c87
 12614 | Lair:3   | Reached ****** piety under Okawaru
 13123 | Lair:3   | Received a gift from Okawaru
 13132 | Lair:3   | Reached XP level 12. HP: 78/96 MP: 18/22
 13766 | Lair:3   | Noticed an eight-headed hydra
 13774 | Lair:3   | Killed an eight-headed hydra
 13774 | Lair:3   | Received a gift from Okawaru
 14039 | Lair:3   | Noticed a boulder beetle
 14093 | Lair:3   | Demolished by a boulder beetle

Illustrated notes

Levels and vault maps discovered:
D:1:      dpeg_arrival_arbitrary_a, layout_rooms, wad_floor_pattern_1
D:2:      layout_rooms, hellmonk_ecumenical_altar_inner_sanctum,
          kennysheep_boxes
D:3:      layout_rooms, nicolae_overflow_hidden_temple, supply_closet_lemuel,
          hex_medium, kennysheep_generic_room_3
D:4:      kennysheep_big_flooded_room, layout_rooms,
          grunt_temple_overflow_holy_war
D:5:      layout_loops_ring, biasface_ghost_orc_armoury,
          guppyfry_early_lair_pool
D:6:      minmay_razor_zed, layout_basic
D:7:      layout_rooms, minmay_temple_entry_nine_rooms, uniq_prince_ribbit1,
          uniq_pikel
D:8:      layout_gridville, general_overflow_altar, overflow_temple_1_default
D:9:      layout_basic, david_lair_generic, erik_orc_2
D:10:     layout_long_grid, fedhas_altar_1, nicolae_uskayaw_en_pointe,
          amcnicky_altar_gilded
Lair:1:   layout_cave_shapes, guppyfry_lair_drakes, grunt_megastairs_4,
          serial_bayou_shore_a
Lair:2:   layout_misc_corridors, grunt_megastairs_1
Lair:3:   layout_regular_city, st_stairs_10

Skill      XL: |  1  2  3  4  5  6  7  8  9 10 11 12 |
---------------+-------------------------------------+-----
Stealth        | 10 11 | 11.7
Invocations    | 1 2 3 4 5 6 7 |  7.9
Long Blades    | 1 2 3 4 5 6 7 |  7.2
Axes           | 1 2 3 4 5 6 7 |  7.2
Maces & Flails | 1 2 3 4 5 6 7 |  7.2
Polearms       | 1 2 3 4 5 6 7 |  7.2
Staves         | 1 2 3 4 5 6 7 |  7.2
Slings         | 1 2 3 4 5 6 7 |  7.2
Bows           | 1 2 3 4 5 6 7 |  7.2
Crossbows      | 1 2 3 4 5 6 7 |  7.2
Throwing       | 1 2 3 4 5 6 7 |  7.2
Armour         | 1 2 3 4 5 6 7 |  7.2
Shields        | 1 2 3 4 5 6 7 |  7.2
Unarmed Combat | 1 2 3 4 5 6 7 |  7.2
Spellcasting   | 1 2 3 4 5 6 7 |  7.2
Evocations     | 1 2 3 4 5 6 7 |  7.2
Conjurations   | 1 2 3 4 5 6 |  6.0
Hexes          | 1 2 3 4 5 6 |  6.0
Summonings     | 1 2 3 4 5 6 |  6.0
Necromancy     | 1 2 3 4 5 6 |  6.0
Translocations | 1 2 3 4 5 6 |  6.0
Transmutations | 1 2 3 4 5 6 |  6.0
Fire Magic     | 1 2 3 4 5 6 |  6.0
Ice Magic      | 1 2 3 4 5 6 |  6.0
Air Magic      | 1 2 3 4 5 6 |  6.0
Earth Magic    | 1 2 3 4 5 6 |  6.0
Poison Magic   | 1 2 3 4 5 6 |  6.0
Short Blades   | 5 6 7 8 |  8.6
Dodging        | 5 6 7 8 |  8.6
Fighting       | 7 8 9 |  9.8

Action                   |  1- 3 |  4- 6 |  7- 9 | 10-12 || total
-------------------------+-------+-------+-------+-------++-------
Melee: Short sword       |    58 |       |       |       ||    58
       Bite              |    12 |     6 |    69 |   112 ||   199
       Dagger            |    47 |   116 |   455 |   514 ||  1132
       Punch             |       |     2 |     6 |    35 ||    43
 Fire: Hand crossbow     |       |       |     2 |   149 ||   151
Throw: Stone             |       |     1 |     5 |       ||     6
       Dart              |       |       |       |    11 ||    11
       Boomerang         |       |       |       |    11 ||    11
       Javelin           |       |       |       |     4 ||     4
 Cast: Animate Skeleton  |       |       |       |    13 ||    13
Invok: Heroism           |       |       |       |     3 ||     3
       Finesse           |       |       |       |     1 ||     1
Evoke: Wand              |       |       |       |     3 ||     3
  Use: Scroll            |       |     3 |     3 |    11 ||    17
       Potion            |       |       |     1 |     2 ||     3
 Stab: Sleeping          |     9 |     9 |    12 |    22 ||    52
       Distracted        |     1 |       |     2 |     2 ||     5
Armor: Leather armour    |    22 |    20 |    90 |   109 ||   241
Dodge: Dodged            |    54 |    54 |   294 |   367 ||   769

Table legend: (Time is in decaauts)
 A = Elapsed time spent in this place.
 B = Non-inter-level travel time spent in this place.
 C = Inter-level travel time spent in this place.
 D = Time resting spent in this place.
 E = Time spent auto-exploring this place.
 F = Levels seen in this place.
 G = Mean time per level.
                   A        B        C        D        E       F      G
               +--------+--------+--------+--------+--------+-----+--------+
         Total |  13754 |  13368 |    386 |    147 |  10678 |  13 | 1058.0 |
       Dungeon |  10569 |  10202 |    367 |    144 |   8012 |  10 | 1056.9 |
          Lair |   3185 |   3167 |     18 |      3 |   2665 |   3 | 1061.7 |
               +--------+--------+--------+--------+--------+-----+--------+

Top non-repeatable levels by time:
     D:9: 2175 daAuts
  Lair:3: 1438 daAuts
     D:4: 1285 daAuts
     D:6: 1265 daAuts
     D:5: 1190 daAuts
  Lair:1: 1122 daAuts
    D:10: 1023 daAuts
     D:8: 903 daAuts
     D:1: 843 daAuts
     D:7: 751 daAuts
     D:2: 654 daAuts
  Lair:2: 624 daAuts
     D:3: 476 daAuts
